cohdb
Replays
Latest Replays
All Replays
Popular Replays
Top Player Replays
Match Explorer
How It Works
Community
CoH3 Stats
Reddit
Sign in to upload your games and track your stats! →
Sign in with Steam
Match 45358960
Unlisted
Match 45358960
Overview
Messages
Build Orders
End
Construct Barracks
Riflemen Squad
Riflemen Squad
Riflemen Squad
Grenade Package
Construct Medical Station
Mechanized Support Center
Construct Motor Pool
M8 Greyhound Armored Car
Selects Armored Battlegroup
Selects Fast Deploy
Selects Veteran Crews
Engineer Squad
Designate Forward Repair Station
M1918 Browning Automatic Rifles
Improvised Armor
Be Frabjous
Henk
Hirys it's Irys
Lapis Rose
Rengar
Ж | Davako
Ж | Smithers
Cooper
0
0
Comments
sign in to comment!
No comments posted yet!